 Dungeon Crawl Stone Soup version 0.28.0-43-g3370ac3207 (webtiles) character file.

Game seed: 1610503318312806944

480 hehateme the Cudgeller (level 7, -9/44 HPs)
             Began as a Kobold Gladiator on Mar 19, 2022.
             Killed from afar by Pikel (30 damage)
             ... with a bolt of acid
             ... on level 5 of the Dungeon.
             The game lasted 00:14:48 (5568 turns).

hehateme the Cudgeller (Kobold Gladiator)           Turns: 5568, Time: 00:14:48

Health: -9/44      AC:  8    Str: 13    XL:     7   Next: 34%
Magic:  7/7        EV: 12    Int: 10    God:
Gold:   165        SH:  0    Dex: 16    Spells: 6/6 levels left

rFire   . . .      SeeInvis .   a - +0 flail
rCold   . . .      Faith    .   (no shield)
rNeg    . . .      Spirit   .   q - +0 scale mail
rPois   .          Reflect  .   c - +0 helmet
rElec   .          Harm     .   (no cloak)
rCorr   .          Rampage  .   g - +0 pair of gloves
Will    .....                   (no boots)
Stlth   +.........              (no amulet)
HPRegen 0.14/turn               (no ring)
MPRegen 0.10/turn               (no ring)

@: about to teleport
A: small, no large weapons, nightstalker 3
a: no special abilities


You were on level 5 of the Dungeon.
You visited 1 branch of the dungeon, and saw 5 of its levels.

You collected 165 gold pieces.

Inventory:

Hand Weapons
 a - a +0 flail (weapon)
 w - the +2 falchion "Xoecori" {vorpal, rN+ Will++}
   (You found it on level 4 of the Dungeon)

   It inflicts extra damage upon your enemies.
   rN:        It protects you from negative energy.
   Will:      It greatly increases your willpower.
Missiles
 j - 25 bolts
 k - 41 arrows
 x - 11 boomerangs (quivered)
 z - 2 throwing nets {=f}
 Q - 101 stones
Armour
 b - a +0 leather armour
 c - a +0 helmet (worn)
 d - a +2 pair of gloves
 g - a +0 pair of gloves (worn)
 n - a +0 cloak
 p - a scarf of harm
 q - a +0 scale mail (worn)
Jewellery
 e - an amulet of regeneration
 l - a +6 ring of strength
 y - a +6 ring of strength
Wands
 f - a wand of flame (17)
Scrolls
 h - a scroll of fog {unknown}
 i - a scroll of identify
 m - a scroll of noise {!r}
 o - a scroll of immolation {!r}
 r - a scroll of enchant weapon
 t - a scroll of teleportation
 u - a scroll of amnesia {unknown}
 v - a scroll of vulnerability {unknown}
 A - a scroll of fear
Potions
 s - a potion of lignification {!q}


   Skills:
 + Level 4.9 Fighting
 * Level 6.0 Maces & Flails
 - Level 2.1 Throwing
 - Level 3.6 Dodging


You had 6 spell levels left.
You didn't know any spells.
Your spell library contained the following spells:

 Spells                   Type           Power      Damage    Failure   Level
 Animate Skeleton         Necr           0%         N/A       88%         1
 Apportation              Tloc           0%         N/A       88%         1
 Summon Small Mammal      Summ           0%         N/A       88%         1
 Ensorcelled Hibernation  Hex/Ice        0%         N/A       96%         2
 Spider Form              Tmut/Pois      0%         N/A       99%         3
 Anguish                  Hex/Necr       0%         N/A       100%        4


Dungeon Overview and Level Annotations

Branches:
Dungeon (5/15)
 Temple: D:4-7

Altars:

Shops:
D:2 !   D:3 (

Annotations:
D:2 exclusion: downstairs
D:3 exclusion: downstairs
D:4 exclusion: downstairs
D:5 Pikel


Innate Abilities, Weirdness & Mutations

You are small and have problems with some larger weapons.
You are completely attuned to the shadows.


Message History

You closely miss the phantom. The phantom hits you.
You take 3 damage, and have 27/44 hp.
You closely miss the phantom. The phantom hits you.
You take 4 damage, and have 23/44 hp.
You thump the phantom!
You destroy the phantom!
Your Maces & Flails skill increases to level 6!
You start resting.
An adder comes into view.
You regained 2 hp, and now have 25/44 hp.
The adder hisses angrily.
The adder bites you but does no damage.
You barely miss the adder. The adder misses you.
You closely miss the adder. The adder bites you.
You barely miss the adder. The adder barely misses you. x2
You closely miss the adder. The adder bites you.
You take 1 damage, and have 24/44 hp.
You miss the adder. The adder misses you. The adder closely misses you.
You miss the adder.
Pikel shouts!
You hear a shout! x2
The adder bites you.
* * * LOW HITPOINT WARNING * * *
You take 3 damage, and have 21/44 hp.
Okay, then.
Unknown command.
Okay, then.
Unknown command.
Okay, then.
Unknown command.
Okay, then.
Okay, then.
Unknown command.
As you read the scroll of teleportation, it crumbles to dust.
You feel strangely unstable. The adder closely misses you.
The adder bites you but does no damage.
Pikel zaps a wand.
The bolt of acid hits you!!
Ouch! That really hurt!
You die...

........#
.....##.#
....W##.####
..##.......#
####..#.#
##.#.#.
###.....
####.S.....
#.#
..K..@.....
#.##
####.>.....
....
#.......
..##
#.......
....
#.......
####
##...... #
#...... ##
#.##### .#
## #.#

Skill      XL: |  1  2  3  4  5  6  7 |
---------------+----------------------+-----
Maces & Flails | 3 4 5 6 |  6.0
Fighting       | 3 4 |  4.9
Throwing       | |  2.1
Dodging        | |  3.6

Notes
Turn   | Place    | Note
-------+----------+-------------------------------------------
     0 | D:1      | hehateme the Kobold Gladiator began the quest for the Orb.
     0 | D:1      | Reached XP level 1. HP: 12/12 MP: 1/1
   140 | D:1      | Reached skill level 3 in Maces & Flails
   176 | D:1      | Reached XP level 2. HP: 18/18 MP: 2/2
   303 | D:1      | You fall into a shaft and drop 1 floor!
   449 | D:2      | Found Keymyuh's Distillery.
   548 | D:2      | Reached XP level 3. HP: 16/22 MP: 3/3
   881 | D:2      | Reached skill level 3 in Fighting
  1214 | D:1      | Reached XP level 4. HP: 20/28 MP: 4/4
  1431 | D:1      | Reached skill level 4 in Maces & Flails
  2138 | D:3      | Found Temuliat's Weapon Emporium.
  2174 | D:3      | Found a faded altar of an unknown god.
  2675 | D:4      | Identified the +2 falchion "Xoecori" {vorpal, rN+ Will++}
  2726 | D:4      | Reached XP level 5. HP: 25/32 MP: 5/5
  3448 | D:4      | Noticed a phantom
  4101 | D:5      | Entered Level 5 of the Dungeon
  4110 | D:5      | Reached skill level 4 in Fighting
  4110 | D:5      | Reached XP level 6. HP: 38/38 MP: 6/6
  4277 | D:5      | Reached skill level 5 in Maces & Flails
  4490 | D:5      | Noticed a gargoyle
  4598 | D:5      | Noticed an ice beast
  4624 | D:5      | Killed an ice beast
  4845 | D:5      | Reached XP level 7. HP: 40/44 MP: 7/7
  4885 | D:5      | Noticed Pikel
  5543 | D:5      | Reached skill level 6 in Maces & Flails
  5568 | D:5      | Killed from afar by Pikel

Table legend: (Time is in decaauts)
 A = Elapsed time spent in this place.
 B = Non-inter-level travel time spent in this place.
 C = Inter-level travel time spent in this place.
 D = Time resting spent in this place.
 E = Time spent auto-exploring this place.
 F = Levels seen in this place.
 G = Mean time per level.
                   A        B        C        D        E       F      G
               +--------+--------+--------+--------+--------+-----+--------+
         Total |   5633 |   5199 |    434 |    780 |   2997 |   5 | 1126.6 |
       Dungeon |   5633 |   5199 |    434 |    780 |   2997 |   5 | 1126.6 |
               +--------+--------+--------+--------+--------+-----+--------+

Top non-repeatable levels by time:
     D:3: 1341 daAuts
     D:4: 1230 daAuts
     D:5: 1190 daAuts
     D:1: 1027 daAuts
     D:2: 843 daAuts

Table legend:
 A = Kills in this place as a percentage of kills in entire the game.
 B = Kills by you in this place as a percentage of kills by you in the entire game.
 C = Kills by friends in this place as a percentage of kills by friends in the entire game.
 D = Other kills in this place as a percentage of other kills in the entire game.
 E = Experience gained in this place as a percentage of experience gained in the entire game.
 F = Experience gained in this place divided by the number of levels of this place that you have seen.
                   A       B       C       D       E      F
               +-------+-------+-------+-------+-------+----------------------
         Total | 100.0 | 100.0 |   N/A |   N/A | 100.0 | 137.2
       Dungeon | 100.0 | 100.0 |   N/A |   N/A | 100.0 | 137.2
               +-------+-------+-------+-------+-------+----------------------

Action                   |  1- 3 |  4- 6 |  7- 9 || total
-------------------------+-------+-------+-------++-------
Melee: Flail             |    79 |   175 |    29 ||   283
       Punch             |       |     3 |     1 ||     4
Throw: Stone             |       |    15 |       ||    15
       Boomerang         |       |    10 |       ||    10
       Throwing net      |       |     6 |       ||     6
  Use: Potion            |       |     2 |       ||     2
       Scroll            |       |       |     7 ||     7
 Stab: Sleeping          |    11 |     5 |       ||    16
       Distracted        |       |     1 |       ||     1
Armor: Leather armour    |    16 |     8 |       ||    24
       Scale mail        |       |    56 |     7 ||    63
Dodge: Dodged            |    48 |   123 |    18 ||   189

Vanquished Creatures
  An ice beast (D:5)
  A phantom (D:5)
  A water moccasin skeleton (D:5)
  A jelly (D:4)
  A centaur skeleton (D:5)
  An orc priest (D:4)
  An iguana (D:5)
  A hound skeleton (D:2)
  A gnoll (D:1)
  An adder (D:5)
  A shadow imp (D:5)
  An ufetubus (D:5)
  An adder zombie (D:5)
  An adder skeleton (D:4)
  2 worms
  2 dart slugs (D:1)
  5 orcs
  7 endoplasms
  5 giant cockroaches
  4 goblins
  8 hobgoblins
  2 jackals (D:1)
  9 kobolds
  2 quokkas
  7 ball pythons
  6 bats
  7 rats
80 creatures vanquished. You could see Pikel and an adder.

Levels and vault maps discovered:
D:1:      evilmike_arrival_rings, layout_loops_ring
D:2:      minmay_kobold_bridge, layout_rooms, serial_shops, shop
D:3:      layout_basic, serial_shops, nicolae_shop_behind_doors,
          hellmonk_ecumenical_altar_inner_sanctum
D:4:      layout_cave_pools
D:5:      layout_rooms, corexii_hall_statues_l, grunt_decor_one_mirror,
          grunt_ministairs_8, uniq_pikel
